 Dungeon Crawl Stone Soup version 0.29.0-4-gdea44cf6ec (webtiles) character file.

Game seed: 14024411560565589143

60 qw the Chopper (level 4, -1/26 HPs)
             Began as a Tengu Warper on Aug 28, 2022.
             Killed by nerve-wracking pain
             ... invoked by Grinder
              (10 damage)
             ... while paralysed by Grinder
             ... on level 3 of the Dungeon.
             The game lasted 00:00:11 (2746 turns).

qw the Chopper (Tengu Warper)                       Turns: 2746, Time: 00:00:11

Health: -1/26      AC:  9    Str: 14    XL:     4   Next: 6%
Magic:  8/8        EV:  2    Int: 13    God:
Gold:   99         SH:  0    Dex: 13    Spells: 7/7 levels left

rFire   . . .      SeeInvis .   l - +0 war axe (vamp)
rCold   . . .      Faith    .   (no shield)
rNeg    . . .      Spirit   .   d - +0 chain mail
rPois   .          Reflect  .   (helmet restricted)
rElec   .          Harm     .   h - +0 cloak
rCorr   .          Rampage  .   (no gloves)
Will    .....                   (boots unavailable)
Stlth   ..........              (no amulet)
HPRegen 0.08/turn               (no ring)
MPRegen 0.11/turn               (no ring)

@: paralysed
A: beak, talons 3
a: no special abilities


You were on level 3 of the Dungeon.
You visited 1 branch of the dungeon, and saw 3 of its levels.

You collected 99 gold pieces.


Innate Abilities, Weirdness & Mutations

You have a beak for a mouth.
You have claws for feet.


   Skills:
 - Level 2.0 Fighting
 + Level 4.6 Axes
 - Level 1.0 Throwing
 - Level 1.1 Armour
 - Level 2.1 Dodging
 - Level 2.0 Spellcasting
 - Level 2.4 Translocations


You had 7 spell levels left.
You didn't know any spells.
Your spell library contained the following spells:

 Spells                   Type           Power      Damage    Failure   Level
 Blink                    Tloc           14%        N/A       99%         2
 Gell's Gravitas          Tloc           7%         N/A       100%        3
 Lesser Beckoning         Tloc           7%         N/A       100%        3
 Teleport Other           Tloc           7%         N/A       100%        3
 Manifold Assault         Tloc           7%         N/A       100%        5

Inventory:

Hand Weapons
 f - a +0 flail
 l - a +0 vampiric war axe (weapon)
Missiles
 j - 2 javelins (quivered)
Armour
 a - a +1 ring mail of poison resistance
 d - a +0 chain mail (worn)
 h - a +0 cloak (worn)
Scrolls
 e - a scroll of teleportation
Potions
 g - a potion of brilliance {unknown}

Dungeon Overview and Level Annotations

Branches:
Dungeon (3/15)

Altars:

Annotations:
D:3 Grinder


Message History

You see here a ball python corpse.
Your butterfly disappears in a burst of colours!
There is a stone staircase leading down here.
You climb downwards.
Found a shiny ring mail.
Found an escape hatch in the floor.
There is a stone staircase leading up here.
Existing waypoints: (1) D:2 (2) D:1 Assign waypoint to what number? (0-9, D - delete waypoint) Waypoint 2 re-assigned from D:1 to D:3.
a - a +1 ring mail of poison resistance
Found a stone staircase leading down.
Grinder comes into view.
Grinder shouts!
You hear a shout!
You hear an angry hiss.
2736 ||| Stepping ~*~*~tactically~*~*~ (hiding).
2737 ||| Stepping ~*~*~tactically~*~*~ (hiding).
You start waiting.
Grinder is nearby!
A kobold comes into view.
It is wielding a +2 dagger of protection.
Grinder says, "Tell me all your secrets, or I'll kill you."
Grinder gestures at you.
You suddenly lose the ability to move!
Grinder gestures at you. Pain shoots through your body!
Grinder gestures at you.
You shrug off the repeated paralysis!
Grinder hits you.
You writhe in agony.
You can move again.
You closely miss Grinder. You claw Grinder.
Grinder is lightly wounded.
Grinder says, "Just stop there for a second..."
Grinder gestures at you.
You shrug off the repeated paralysis!
You slash Grinder! Your kick misses Grinder. Your peck misses Grinder.
Grinder is moderately wounded.
Grinder gestures at you.
You suddenly lose the ability to move!
Grinder gestures at you. Pain shoots through your body!
You die...

#### ....####### #
..........########.#
...............@5K>#
#.............###..#
#<.....>..#..#
######..#.#....
#..#.#.....
##.#.#.......
#.#.#.......
#.#.#....... #.#..


You could see Grinder and a kobold.

Vanquished Creatures
  An adder (D:2)
  6 dart slugs
  2 endoplasms
  2 giant cockroaches
  3 goblins (D:2)
  4 hobgoblins
  4 jackals (D:2)
  A quokka (D:1)
  4 ball pythons
  5 bats
  2 frilled lizards
  5 kobolds
  A rat (D:2)
40 creatures vanquished.

Notes
Turn   | Place    | Note
-------+----------+-------------------------------------------
     0 | D:1      | qw the Tengu Warper began the quest for the Orb.
     0 | D:1      | Reached XP level 1. HP: 12/12 MP: 4/4
     0 | D:1      | 0 ||| qw: Version: 0.1-a-89-g26bdef1
     0 | D:1      | 0 ||| qw: Game counter: 2532
     0 | D:1      | 0 ||| qw: Always use a shield: true
     0 | D:1      | 0 ||| qw: God list: Okawaru
     0 | D:1      | 0 ||| qw: Allow faded altars: false
     0 | D:1      | 0 ||| qw: Do Orc after D:15 true
     0 | D:1      | 0 ||| qw: Do second Lair branch before Depths: true
     0 | D:1      | 0 ||| qw: Lair rune preference: random
     0 | D:1      | 0 ||| qw: Plans: Normal
     0 | D:1      | 0 ||| PLANNING D:1-11
    42 | D:1      | 42 ||| Stepping ~*~*~tactically~*~*~ (hiding).
   144 | D:1      | 144 ||| Stepping ~*~*~tactically~*~*~ (hiding).
   246 | D:1      | 246 ||| Stepping ~*~*~tactically~*~*~ (hiding).
   348 | D:1      | 348 ||| Stepping ~*~*~tactically~*~*~ (hiding).
   450 | D:1      | 450 ||| Stepping ~*~*~tactically~*~*~ (hiding).
   552 | D:1      | 552 ||| Stepping ~*~*~tactically~*~*~ (hiding).
   697 | D:1      | Reached XP level 2. HP: 17/17 MP: 6/6
   711 | D:1      | Reached skill level 3 in Axes
   789 | D:1      | 789 ||| Stepping ~*~*~tactically~*~*~ (hiding).
  1306 | D:1      | 1306 ||| SWAPPING to +0 war axe.
  1307 | D:1      | 1307 ||| DROPPING +0 hand axe.
  1335 | D:1      | Reached XP level 3. HP: 21/21 MP: 7/7
  1359 | D:1      | 1359 ||| Stepping ~*~*~tactically~*~*~ (hiding).
  1562 | D:1      | 1562 ||| UPGRADING to +0 cloak.
  1567 | D:1      | 1567 ||| READING scroll labelled WOASAO YSHYW.
  1568 | D:1      | 1568 ||| READING scroll labelled ZALENA JAAGG.
  1569 | D:1      | 1569 ||| READING scroll labelled NOORRAT DAVUOWK.
  1572 | D:1      | 1572 ||| DRINKING 2 blue potions.
  1573 | D:1      | 1573 ||| DROPPING scroll of blinking.
  1574 | D:1      | 1574 ||| DROPPING potion of magic.
  1665 | D:2      | 1665 ||| DROPPING +0 club.
  1698 | D:2      | Reached skill level 4 in Axes
  2025 | D:2      | 2025 ||| Stepping ~*~*~tactically~*~*~ (stealth).
  2028 | D:2      | 2028 ||| Stepping ~*~*~tactically~*~*~ (stealth).
  2034 | D:2      | 2034 ||| UPGRADING to +0 chain mail.
  2056 | D:2      | HP: 5/21 [poisoned by an adder]
  2278 | D:2      | 2278 ||| UPGRADING to +0 chain mail.
  2288 | D:2      | 2288 ||| DROPPING +0 leather armour.
  2408 | D:2      | Reached XP level 4. HP: 26/26 MP: 8/8
  2683 | D:2      | 2683 ||| READING scroll labelled WOYR UNUKA.
  2684 | D:2      | 2684 ||| READING scroll labelled MAESMY LORGH.
  2685 | D:2      | 2685 ||| READING scroll labelled SOETTAHOMU.
  2686 | D:2      | 2686 ||| READING scroll labelled ONLY VU WUPS.
  2687 | D:2      | 2687 ||| READING scroll labelled ROIPTIFF UMYS.
  2688 | D:2      | 2688 ||| READING scroll labelled BERUTZ SUNAAMU.
  2735 | D:3      | Noticed Grinder
  2736 | D:3      | 2736 ||| Stepping ~*~*~tactically~*~*~ (hiding).
  2737 | D:3      | 2737 ||| Stepping ~*~*~tactically~*~*~ (hiding).
  2739 | D:3      | Paralysed by Grinder for 5 turns
  2745 | D:3      | Paralysed by Grinder for 5 turns
  2746 | D:3      | Killed from afar by Grinder

Levels and vault maps discovered:
D:1:      dpeg_arrival_tiny_j, layout_basic
D:2:      layout_basic, minmay_misc_feat_diagonals
D:3:      layout_basic, nicolae_dithmenos_through_a_glass_darkly,
          dilly_ecumenical_altar_fadedgnrine, uniq_grinder

Skill      XL: |  1  2  3 |
---------------+----------+-----
Axes           | 3 4 |  4.6
Fighting       | |  2.0
Throwing       | |  1.0
Armour         | |  1.1
Dodging        | |  2.1
Spellcasting   | |  2.0
Translocations | |  2.4

Action                   |  1- 3 |  4- 6 || total
-------------------------+-------+-------++-------
Melee: Hand axe          |    24 |       ||    24
       Kick              |    22 |     1 ||    23
       Peck              |    10 |     1 ||    11
       War axe           |    53 |     7 ||    60
       Punch             |     2 |       ||     2
Throw: Boomerang         |     7 |       ||     7
       Javelin           |    24 |     3 ||    27
  Use: Scroll            |     3 |     6 ||     9
       Potion            |     1 |       ||     1
Armor: Leather armour    |    41 |       ||    41
       Chain mail        |     2 |     1 ||     3
Dodge: Dodged            |    62 |       ||    62

Table legend:
 A = Non-vault XP
 B = Vault XP
 C = Vault XP percentage of total XP
 D = Non-vault monster count
 E = Vault monster count
 F = Vault count percentage of total count
                 A         B        C        D         E       F
            +---------+---------+-------+---------+---------+-------
      Total |      87 |       0 |   0.0 |      40 |       0 |   0.0
            +---------+---------+-------+---------+---------+-------
        D:1 |      40 |       0 |   0.0 |      18 |       0 |   0.0
        D:2 |      47 |       0 |   0.0 |      22 |       0 |   0.0
            +---------+---------+-------+---------+---------+-------
